 Dungeon Crawl Stone Soup version 0.22.1-2-g9c5b331383 (webtiles) character file.

9907 Gargoyl the Fighter (level 11, -2/95 HPs)
             Began as a Centaur Abyssal Knight on Jan 6, 2019.
             Was a High Priest of Lugonu.
             Slain by a crocodile (16 damage)
             ... on level 1 of the Lair of Beasts.
             The game lasted 00:24:12 (14484 turns).

Gargoyl the Fighter (Centaur Abyssal Knight)       Turns: 14484, Time: 00:24:12

Health: -2/95      AC: 15    Str: 20    XL:     11   Next: 29%
Magic:  16/16      EV:  9    Int: 13    God:    Lugonu [*****.]
Gold:   545        SH:  0    Dex: 11    Spells: 10/10 levels left

rFire    . . .     SeeInvis .   u - +4 hand axe (freeze)
rCold    . . .     Gourm    .   (no shield)
rNeg     + . .     Faith    .   b - +1 leather armour
rPois    .         Spirit   .   (helmet restricted)
rElec    +         Reflect  .   y - +0 cloak
rCorr    .         Harm     .   (no gloves)
MR       ++...                  f - +3 centaur barding {Stlth+}
Stlth    +++.......             G - amulet of magic regeneration
HPRegen  0.25/turn              s - ring of positive energy
MPRegen  0.40/turn              F - ring "Afruku" {MR++ Str+4 Int+2}

@: very quick
A: large, antennae 1, hooves 3, deformed body, speed 2, electricity resistance,
tough skin 3
a: Depart the Abyss, Bend Space, Banish, Corrupt, Enter the Abyss, Renounce
Religion


You were on level 1 of the Lair of Beasts.
You worshipped Lugonu.
Lugonu was extremely pleased with you.
You were very hungry.

You visited 2 branches of the dungeon, and saw 11 of its levels.
You visited the Abyss 1 time.
You also visited: Sewer and Ossuary.

You collected 545 gold pieces.

Inventory:

Hand Weapons
 a - a +3 hand axe
 u - a +4 hand axe of freezing (weapon)
Missiles
 k - 7 tomahawks (quivered)
Armour
 b - a +1 leather armour (worn)
 f - a +3 centaur barding of stealth (worn)
 y - a +0 cloak (worn)
Jewellery
 s - a ring of positive energy (left hand)
 F - the ring "Afruku" (right hand) {MR++ Str+4 Int+2}
   (You found it on level 9 of the Dungeon)

   [ring of strength]

   It affects your strength (+4).
   It affects your intelligence (+2).
   It affects your resistance to hostile enchantments.
 G - an amulet of magic regeneration (around neck)
 I - an uncursed ring of stealth
Wands
 e - a wand of random effects (23)
 w - a wand of iceblast (26)
 C - a wand of enslavement (13)
 H - a wand of paralysis (13)
Scrolls
 g - 4 scrolls of fear
 h - a scroll of identify
 i - 8 scrolls of remove curse
 j - 4 scrolls of magic mapping
 p - 11 scrolls of teleportation
 B - a scroll of vulnerability {unknown}
Potions
 l - a potion of resistance {unknown}
 m - 3 potions of ambrosia
 n - 6 potions of curing
 o - 2 potions of haste {unknown}
 q - 2 potions of mutation
 r - 4 potions of magic
 t - 4 potions of brilliance
 v - 3 potions of might
 x - 3 potions of invisibility
 z - a potion of flight
 A - 3 potions of lignification
 E - 4 potions of degeneration
 J - 2 potions of berserk rage {unknown}
Miscellaneous
 d - a lightning rod (4/4)
Comestibles
 c - 15 rations


   Skills:
 + Level 8.9 Fighting
 + Level 8.4 Axes
 * Level 5.4 Armour
 * Level 5.4 Dodging
 + Level 3.0 Stealth
 * Level 7.8 Invocations
 + Level 1.3 Evocations


You had 10 spell levels left.
You didn't know any spells.
Your spell library contained the following spells:

 Spells                   Type           Power        Failure   Level  Hunger
 Animate Skeleton         Necr           N/A          34%         1    ##.....
 Apportation              Tloc           #.....       34%         1    ##.....
 Beastly Appendage        Tmut           #.....       34%         1    ##.....
 Confusing Touch          Hex            #.....       34%         1    ##.....
 Summon Small Mammal      Summ           #...         34%         1    ##.....
 Sticks to Snakes         Tmut           #.......     47%         2    ###....
 Spider Form              Tmut/Pois      #.........   71%         3    ####...
 Ice Form                 Ice/Tmut       #.......     98%         4    #####..
 Blade Hands              Tmut           #.........   100%        5    ######.


Dungeon Overview and Level Annotations

Branches:
Dungeon (10/15)            Temple (0/1) D:4            Lair (1/6) D:10
    Orc (0/2) D:10

Altars:
Ashenzari
Kikubaaqudgha
Nemelex Xobeh
Okawaru
Qazlal
Ru
Sif Muna
Wu Jian
Yredelemnul
Zin
The Shining One
Beogh

Annotations:
Abyss:1 Urug


Innate Abilities, Weirdness & Mutations

You have hooves in place of feet.
Armour fits poorly on your strangely shaped body.
You cover ground very quickly.
You have extremely tough skin. (AC +3)
You have a pair of small antennae on your head.
You are resistant to electric shocks. (rElec)


Message History

You closely miss the water moccasin. Your kick misses the water moccasin.
The water moccasin is almost dead.
The water moccasin barely misses you.
The water moccasin bites you but does no damage.
You closely miss the water moccasin. Your kick misses the water moccasin.
The water moccasin is almost dead.
The water moccasin bites you.
* * * LOW HITPOINT WARNING * * *
You barely miss the water moccasin. Your kick misses the water moccasin.
The water moccasin is almost dead.
The water moccasin bites you!
* * * LOW HITPOINT WARNING * * *
You hit the water moccasin.
The water moccasin seems to slow down.
You freeze the water moccasin.
You kill the water moccasin!
Lugonu accepts your kill.
You closely miss the crocodile.
The crocodile is lightly wounded.
The crocodile bites you!
You die...

........$...............
.....................$..
...(..†...Y.............
..........Y.Y...........
.........tY..Y..........
.....#.###S#.##...#PP.#.
.... ## ######...#....
.....#####.#..#...# ..
..[.....@tY.......#
........##.##.....#
........######....#
........# #....# .
......... #...:.# PP
.######.. ........ ..
#.. ...#####. .. #...
...# .. ..


You could see a yak and a crocodile.

Vanquished Creatures
  A large abomination (Abyss:2)
  A guardian serpent (D:10)
  Grinder (D:3)
  A hornet (D:7)
  A hippogriff (D:9)
  An ettin skeleton (Abyss:2)
  A shadow (Abyss:2)
  A wyvern (D:8)
  17 yaks
  A hungry ghost (D:7)
  A steam dragon (D:10)
  The ghost of rumpelstilzz the Stinger, an amateur OpVM (D:4)
  2 water moccasins (Lair:1)
  2 porcupines (Lair:1)
  3 sky beasts
  3 ice beasts
  An orc warrior (D:8)
  A black bear (D:9)
  2 ogres (D:8)
  4 centaurs
  2 crocodiles (Lair:1)
  6 bullfrogs
  A scorpion (D:8)
  4 wights (D:8)
  8 killer bees (D:7)
  4 howler monkeys
  5 crimson imps
  A bullfrog zombie (D:7)
  4 hounds
  A quasit (D:6)
  3 centaur skeletons
  2 centaur zombies
  Crazy Yiuf (D:6)
  8 orc priests
  2 iguanas
  5 jellies
  2 bullfrog skeletons (D:6)
  An iron imp (Abyss:3)
  Jessica (D:3)
  Natasha (twice) (D:4)
  10 orc wizards
  8 worker ants
  2 big kobold zombies (Ossuary)
  2 bullfrog simulacra (D:4)
  2 hound skeletons
  4 mummies (Ossuary)
  20 adders
  A howler monkey skeleton (D:6)
  4 river rats (Sewer)
  A hound simulacrum (D:4)
  2 shadow imps
  A white imp (D:4)
  A worker ant simulacrum (D:4)
  An ooze (D:1)
  3 adder skeletons
  2 adder zombies
  4 worms
  3 dart slugs
  3 leopard geckos
  39 orcs
  6 bats
  2 giant cockroaches
  14 hobgoblins
  8 jackals
  8 kobolds
  6 quokkas
  6 ball pythons (Sewer)
  10 frilled lizards
  4 goblins
  A hobgoblin zombie (Ossuary)
  A jackal skeleton (D:4)
  A jackal zombie (D:7)
  2 kobold zombies (Ossuary)
  2 orc zombies (Ossuary)
  A quokka skeleton (D:6)
  A quokka zombie (D:5)
  29 rats
  A lurking horror (Abyss:2)
325 creatures vanquished.

Vanquished Creatures (others)
  A golden eye (Abyss:2)
  A plant (Lair:1)
2 creatures vanquished.

Grand Total: 327 creatures vanquished

Notes
Turn   | Place    | Note
-------+----------+-------------------------------------------
     0 | Abyss:1  | Gargoyl the Centaur Abyssal Knight began the quest for the
                  | Orb.
     0 | Abyss:1  | Reached XP level 1. HP: 19/19 MP: 2/2
     4 | Abyss:1  | Found a corrupted altar of Lugonu.
    34 | Abyss:2  | Noticed an angel
    55 | Abyss:2  | Noticed a shadow
    74 | Abyss:2  | Noticed an ettin skeleton
    95 | Abyss:2  | Killed a golden eye
    96 | Abyss:2  | Killed a shadow
    96 | Abyss:2  | Reached XP level 2. HP: 28/28 MP: 3/3
    97 | Abyss:2  | Reached XP level 3. HP: 35/35 MP: 4/4
    97 | Abyss:2  | Reached XP level 4. HP: 41/41 MP: 5/5
    97 | Abyss:2  | Reached XP level 5. HP: 47/47 MP: 6/6
    97 | Abyss:2  | Reached skill level 5 in Fighting
    98 | Abyss:2  | Reached XP level 6. HP: 56/56 MP: 6/8
   105 | Abyss:2  | Noticed a large abomination
   109 | Abyss:2  | Killed a large abomination
   109 | Abyss:2  | Reached skill level 1 in Dodging
   109 | Abyss:2  | Reached skill level 1 in Evocations
   109 | Abyss:2  | Reached XP level 7. HP: 64/64 MP: 7/9
   167 | Abyss:2  | Noticed a large abomination
   195 | Abyss:3  | Found a corrupted altar of Lugonu.
   195 | Abyss:3  | Noticed a chaos spawn
   199 | Abyss:3  | Identified a scroll of acquirement
   249 | Abyss:3  | Noticed a shadow
   256 | D:1      | Escaped the Abyss
   375 | D:1      | Reached * piety under Lugonu
  1591 | D:2      | Reached ** piety under Lugonu
  2595 | D:3      | Noticed Jessica
  2602 | D:3      | Killed Jessica
  2655 | D:3      | Found a sparkling altar of Nemelex Xobeh.
  2810 | D:3      | Noticed Grinder
  2826 | D:3      | Paralysed by Grinder for 5 turns
  2835 | D:3      | Killed Grinder
  2835 | D:3      | Reached XP level 8. HP: 45/71 MP: 9/11
  3146 | D:4      | Found a staircase to the Ecumenical Temple.
  3162 | D:4      | Noticed Natasha
  3169 | D:4      | Killed Natasha
  3219 | D:4      | Found a runed gate.
  3220 | D:4      | Found a runed gate.
  3221 | D:4      | Found a runed gate.
  3264 | D:4      | Noticed rumpelstilzz's ghost (amateur OpVM)
  3427 | D:4      | Found a glowing drain.
  3438 | Sewer    | Entered a sewer
  3545 | Sewer    | Reached *** piety under Lugonu
  3628 | Sewer    | Reached skill level 1 in Stealth
  4443 | D:4      | Noticed Natasha
  4456 | D:4      | Killed Natasha
  4493 | D:4      | Found a shattered altar of Ashenzari.
  5249 | D:4      | Killed rumpelstilzz's ghost
  5385 | D:5      | Entered Level 5 of the Dungeon
  5396 | D:5      | Reached skill level 5 in Axes
  5401 | D:5      | Reached **** piety under Lugonu
  5720 | D:5      | You fall through a shaft!
  5755 | D:6      | Reached XP level 9. HP: 75/79 MP: 12/12
  6003 | D:5      | Reached skill level 5 in Invocations
  7350 | D:6      | Found a runed door.
  7641 | D:6      | Noticed Crazy Yiuf
  7649 | D:6      | Killed Crazy Yiuf
  7880 | D:7      | Reached ***** piety under Lugonu
  8164 | D:7      | Reached XP level 10. HP: 66/88 MP: 14/14
  8166 | D:7      | Found an ancient bone altar of Kikubaaqudgha.
  8777 | D:7      | Paralysed by a hornet for 3 turns
  8781 | D:7      | Paralysed by a hornet for 1 turns
  8787 | D:7      | Gained mutation: You have a pair of small antennae on your
                  | head. [potion of mutation]
  8787 | D:7      | Gained mutation: You are resistant to electric shocks.
                  | (rElec) [potion of mutation]
  9143 | D:7      | Found a basalt altar of Yredelemnul.
  9165 | D:7      | Found a sacrificial altar of Ru.
  9231 | D:8      | Found a sand-covered staircase.
  9242 | Ossuary  | Entered an ossuary
  9832 | D:8      | Found an ornate altar of the Wu Jian Council.
 11105 | D:8      | Found a glowing golden altar of the Shining One.
 11674 | D:9      | Reached skill level 5 in Armour
 11726 | D:9      | Got a sparkling tin ring
 11787 | D:9      | Reached skill level 5 in Dodging
 12238 | D:9      | Found a deep blue altar of Sif Muna.
 12242 | D:9      | Identified the ring "Afruku" {MR++ Str+4 Int+2} (You found
                  | it on level 9 of the Dungeon)
 12334 | D:9      | Found a glowing silver altar of Zin.
 12336 | D:9      | Found a stormy altar of Qazlal.
 12340 | D:9      | Found an iron altar of Okawaru.
 12608 | D:10     | Entered Level 10 of the Dungeon
 12611 | D:10     | Reached XP level 11. HP: 95/95 MP: 16/16
 12702 | D:10     | Found a staircase to the Lair.
 12706 | D:10     | Found a staircase to the Orcish Mines.
 12776 | D:10     | HP: 4/95 [guardian serpent/bolt of poison (10)]
 12776 | D:10     | HP: 1/95 [guardian serpent (3)]
 13405 | D:10     | Noticed Urug
 13422 | D:10     | Banished Urug
 13762 | D:10     | Found a roughly hewn altar of Beogh.
 13997 | Lair:1   | Entered Level 1 of the Lair of Beasts
 14484 | Lair:1   | Slain by a crocodile

Skill      XL: |  1  2  3  4  5  6  7  8  9 10 11 |
---------------+----------------------------------+-----
Fighting       | 4 5 6 7 8 |  8.9
Axes           | 2 3 4 5 6 8 |  8.4
Armour         | 2 3 4 5 |  5.4
Dodging        | 1 2 4 5 |  5.4
Invocations    | 3 4 6 7 |  7.8
Evocations     | 1 |  1.3
Stealth        | 1 2 3 |  3.0

Action                   |  1- 3 |  4- 6 |  7- 9 | 10-12 || total
-------------------------+-------+-------+-------+-------++-------
Melee: Hand axe          |       |       |   586 |   407 ||   993
       Kick              |       |       |   126 |   111 ||   237
Invok: Depart the Abyss  |       |       |     1 |       ||     1
       Bend Space        |       |       |     1 |       ||     1
       Banish            |       |       |       |     3 ||     3
Evoke: Lightning rod     |     4 |     3 |     4 |       ||    11
       Wand              |       |       |     3 |       ||     3
  Use: Scroll            |     1 |       |    20 |    10 ||    31
       Potion            |       |       |     2 |     7 ||     9
 Stab: Sleeping          |       |       |    13 |    13 ||    26
       Distracted        |       |       |     2 |     1 ||     3
  Eat: Chunk             |       |       |    16 |    11 ||    27
       Ration            |       |       |     2 |     2 ||     4
Armor: Leather armour    |       |       |   423 |   189 ||   612
Dodge: Dodged            |       |       |   277 |   141 ||   418
